 Dungeon Crawl Stone Soup version 0.17.1-1-g73c8601 (webtiles) character file.

9195 Implojin the Brawler (level 11, -7/94 HPs)
             Began as a Troll Fighter on Apr 6, 2016.
             Was a High Priest of Okawaru.
             Mangled by an eight-headed hydra (10 damage)
             ... on level 7 of the Lair of Beasts.
             The game lasted 00:22:48 (3020 turns).

Implojin the Brawler (Troll Fighter)                Turns: 3020, Time: 00:22:48

Health: -7/94      AC:  7    Str: 31    XL:     11   Next: 19%
Magic:  10/10      EV: 11    Int:  4    God:    Okawaru [*****.]
Gold:   199        SH: 10    Dex: 15    Spells: 0 memorised, 10 levels left

rFire  . . .     SeeInvis .       - Unarmed
rCold  . . .     Clarity  .     a - +0 robe
rNeg   . . .     SustAt   .     b - +0 shield
rPois  .         Gourm    +     (helmet restricted)
rElec  .         Spirit   .     g - +1 cloak
rCorr  .         Warding  .     (gloves unavailable)
rMut   .         Stasis   .     (boots unavailable)
MR     .....                    (no amulet)
Stlth  ++........               E - +3 ring of dexterity
                                i - +3 ring of evasion

@: mighty, not resistant to hostile enchantments, unstealthy
A: unfitting armour, claws 3, fast metabolism 3, gourmand, regeneration 2,
shaggy fur 1, tough skin 2
a: Heroism, Finesse, Renounce Religion


You were on level 7 of the Lair of Beasts.
You worshipped Okawaru.
Okawaru was extremely pleased with you.
You were very full.

You visited 2 branches of the dungeon, and saw 21 of its levels.

You collected 450 gold pieces.
You spent 251 gold pieces at shops.

Inventory:

Missiles
 v - 9 tomahawks (quivered)
 D - 2 tomahawks of returning
Armour
 a - a +0 robe (worn)
 b - a +0 shield (worn)
 g - a +1 cloak (worn)
 x - a steam dragon hide
 T - a troll hide {Snorg}
Magical Staves
 m - an uncursed staff of earth
Jewellery
 i - a +3 ring of evasion (left claw)
 j - an uncursed amulet of inaccuracy
 u - an uncursed ring of wizardry
 A - an uncursed ring of flight
 E - a +3 ring of dexterity (right claw)
 G - an uncursed ring of protection from cold
 O - an uncursed ring of wizardry
Wands
 e - a wand of enslavement (10)
 h - a wand of fireball (10)
 C - a wand of confusion (12)
 H - a wand of confusion (10)
 L - a wand of random effects (35)
 N - a wand of cold (0)
 R - a wand of cold (6)
Scrolls
 f - a scroll of random uselessness
 n - a scroll of teleportation
 o - 2 scrolls of magic mapping
 t - 4 scrolls of remove curse
 y - a scroll of amnesia
 B - a scroll of recharging
 I - a scroll of enchant armour
 M - a scroll of acquirement {unknown}
Potions
 c - a potion of might
 k - 3 potions of curing
 l - a potion of brilliance
 q - a potion of haste
 r - a potion of ambrosia
 s - a potion of mutation
 K - a potion of flight {unknown}
 Q - a potion of poison {unknown}
Books
 p - a book of Unlife

   Spells                             Type                      Level
   a - Recall                         Summoning/Translocation      3
   b - Animate Dead                   Necromancy                   4
   c - Control Undead                 Necromancy                   4
   d - Cigotuvi's Embrace             Necromancy                   5
   e - Death Channel                  Necromancy                   6
   f - Simulacrum                     Ice/Necromancy               6
Miscellaneous
 F - a lamp of fire (inert)
 P - a phial of floods (inert)
Comestibles
 d - 4 bread rations
 w - 2 slices of pizza
 z - 24 fruits
 J - 2 meat rations
 S - 4 chunks of flesh


   Skills:
 - Level 2.4 Fighting
 - Level 2.4 Dodging
 - Level 2.4 Shields
 * Level 16.5 Unarmed Combat


You had 10 spell levels left.
You didn't know any spells.

Dungeon Overview and Level Annotations

Branches:
Dungeon (13/15)              Lair (8/8) D:11            Orc (0/4) D:11
 Temple: D:4-7        Swamp: Lair:3-6    Shoals: Lair:3-6     Snake: Lair:3-6
 Spider: Lair:3-6     Slime: Lair:6-8    Vaults: D:13-14

Altars:
Gozag
Okawaru

Shops:
D:10 =

Portals:
Labyrinth: Lair:7

Annotations:
D:9 exclusion: ice statue
Lair:7 exclusion: downstairs


Innate Abilities, Weirdness & Mutations

You are too large for most types of armour.
You have claws for hands.
Your metabolism is lightning-fast.
You like to eat raw meat.
You heal very quickly.
You are covered in fur (AC +1).
You have very tough skin (AC +2).


Message History

You mangle the crocodile!!
The crocodile is almost dead.
The crocodile completely misses you.
You eviscerate the crocodile!!!
You kill the crocodile!
Okawaru accepts your kill.
There is a stone staircase leading up here.
You climb upwards.
There is a stone staircase leading down here.
There is a stone staircase leading down here.
You climb downwards.
You hear a distant snort.
Hark!
There is an entrance to a minotaur's labyrinth on this level.
Find the entrance quickly before the gate is sealed!
Level annotation: exclusion: downstairs A water moccasin, a porcupine, a hydra and a giant frog come into view.
The giant frog gives a loud, deep croak!
The eight-headed hydra roars!
The water moccasin hisses angrily.
You hear a croak.
You hear a loud, deep croak!
The eight-headed hydra barely misses you.
The eight-headed hydra bites you! x2
The eight-headed hydra completely misses you.
The eight-headed hydra bites you but does no damage.
The eight-headed hydra bites you.
* * * LOW HITPOINT WARNING * * *
The eight-headed hydra bites you!
* * * LOW HITPOINT WARNING * * *
The eight-headed hydra bites you!
* * * LOW HITPOINT WARNING * * *
The eight-headed hydra bites you!
* * * LOW HITPOINT WARNING * * *
The eight-headed hydra bites you.
* * * LOW HITPOINT WARNING * * *
The eight-headed hydra bites you.
* * * LOW HITPOINT WARNING * * *
The eight-headed hydra closely misses you.
You block the eight-headed hydra's attack.
The eight-headed hydra bites you!
* * * LOW HITPOINT WARNING * * *
The eight-headed hydra bites you!
You die...

..
.........F.
...
..........
....
F.........
..##.........
............
##..........
#..D........
#..@.....r.
#..........
#P..........
#...∩.S.....
#..........P
P...........
##...........
#...........


You could see an eight-headed hydra, a blink frog, a water moccasin, a giant
frog and a porcupine.

Vanquished Creatures
  Snorg (Lair:6)
  2 hill giants (D:10)
  An ugly thing (D:11)
  A griffon (Lair:2)
  2 black mambas
  A spiny frog (Lair:5)
  A komodo dragon (Lair:3)
  A troll (D:11)
  A two-headed ogre (D:7)
  A trapdoor spider (D:11)
  2 deep elf magi
  10 yaks
  A basilisk (Lair:2)
  A steam dragon (D:10)
  2 porcupines
  A water moccasin (Lair:4)
  A sky beast (D:6)
  3 orc warriors
  2 ice beasts
  2 necrophages
  2 centaurs
  8 crocodiles
  2 giant frogs
  A big kobold (D:9)
  4 scorpions
  An electric eel (Lair:3)
  4 hounds
  A quasit (D:11)
  A giant frog skeleton (D:9)
  2 orc priests
  7 orc wizards
  A worker ant (D:8)
  A gnoll shaman (D:7)
  An iguana (D:5)
  A killer bee zombie (D:11)
  5 sheep (Lair:1)
  A hound zombie (D:6)
  2 worker ant zombies (D:9)
  Robin (D:2)
  2 adders
  7 gnolls
  5 river rats
  2 shadow imps
  2 worms
  2 giant geckos
  24 orcs
  2 ball pythons
  10 goblins
  2 hobgoblins
  2 jackals (D:1)
  5 kobolds
  4 quokkas
  A bat (D:3)
  A giant cockroach (D:8)
  2 giant gecko zombies (D:1)
  A jackal zombie (D:7)
  A quokka skeleton (D:5)
  2 rats
  A plant (D:11)
161 creatures vanquished.

Vanquished Creatures (others)
  A giant frog (D:10)
  An orc (D:9)
  A fungus (Lair:5)
3 creatures vanquished.

Grand Total: 164 creatures vanquished

Notes
Turn   | Place    | Note
--------------------------------------------------------------
     0 | D:1      | Implojin the Troll Fighter began the quest for the Orb.
     0 | D:1      | Reached XP level 1. HP: 22/22 MP: 0/0
   140 | D:2      | Reached XP level 2. HP: 9/29 MP: 1/1
   190 | D:3      | Reached skill level 3 in Unarmed Combat
   248 | D:2      | Noticed Robin
   272 | D:2      | Reached XP level 3. HP: 14/36 MP: 2/2
   286 | D:2      | Killed Robin
   295 | D:2      | Reached skill level 4 in Unarmed Combat
   423 | D:5      | Entered Level 5 of the Dungeon
   433 | D:5      | Reached XP level 4. HP: 41/44 MP: 3/3
   445 | D:6      | Noticed a sky beast
   464 | D:6      | Killed a sky beast
   464 | D:6      | Reached skill level 5 in Unarmed Combat
   464 | D:6      | Reached XP level 5. HP: 40/50 MP: 4/4
   476 | D:6      | Reached skill level 6 in Unarmed Combat
   488 | D:5      | Reached XP level 6. HP: 29/59 MP: 5/5
   610 | D:8      | Noticed a two-headed ogre
   656 | D:6      | Noticed a necrophage
   657 | D:6      | Reached skill level 7 in Unarmed Combat
   663 | D:6      | Killed a necrophage
   846 | D:5      | Reached XP level 7. HP: 66/66 MP: 6/6
  1053 | D:7      | Reached skill level 8 in Unarmed Combat
  1096 | D:7      | Killed a two-headed ogre
  1096 | D:7      | Reached skill level 9 in Unarmed Combat
  1147 | D:7      | Found an opulent altar of Gozag.
  1182 | D:7      | Found an iron altar of Okawaru.
  1190 | D:7      | Became a worshipper of Warmaster Okawaru
  1299 | D:9      | Reached XP level 8. HP: 57/74 MP: 7/7
  1403 | D:9      | Reached skill level 10 in Unarmed Combat
  1420 | D:9      | Noticed an ice statue
  1430 | D:9      | Reached * piety under Okawaru
  1553 | D:10     | Entered Level 10 of the Dungeon
  1568 | D:10     | Noticed a hill giant
  1585 | D:10     | Killed a hill giant
  1585 | D:10     | Reached skill level 11 in Unarmed Combat
  1614 | D:10     | Noticed a hill giant
  1623 | D:10     | Killed a hill giant
  1623 | D:10     | Reached ** piety under Okawaru
  1623 | D:10     | Reached skill level 12 in Unarmed Combat
  1623 | D:10     | Reached XP level 9. HP: 35/80 MP: 5/8
  1637 | D:9      | Noticed a deep elf mage
  1641 | D:9      | Killed a deep elf mage
  1768 | D:11     | Reached skill level 13 in Unarmed Combat
  1907 | D:10     | Found Miosat's Jewellery Emporium.
  1912 | D:10     | Reached skill level 14 in Unarmed Combat
  1912 | D:10     | Reached XP level 10. HP: 67/88 MP: 7/9
  1958 | D:10     | Bought a +3 ring of dexterity for 251 gold pieces
  1979 | D:11     | Found a staircase to the Orcish Mines.
  2003 | D:13     | Noticed a cyan ugly thing
  2097 | D:11     | Found a staircase to the Lair.
  2111 | D:11     | Noticed a cyan ugly thing
  2122 | D:11     | Killed a cyan ugly thing
  2122 | D:11     | Reached *** piety under Okawaru
  2235 | Lair:1   | Entered Level 1 of the Lair of Beasts
  2274 | Lair:2   | Noticed a four-headed hydra
  2357 | Lair:2   | Reached skill level 15 in Unarmed Combat
  2404 | Lair:2   | Noticed a griffon
  2412 | Lair:2   | Killed a griffon
  2437 | Lair:3   | Noticed a six-headed hydra
  2476 | Lair:3   | Reached **** piety under Okawaru
  2518 | Lair:4   | Noticed a black mamba
  2525 | Lair:4   | Killed a black mamba
  2650 | Lair:5   | Noticed a black mamba
  2668 | Lair:5   | Killed a black mamba
  2668 | Lair:5   | Reached skill level 16 in Unarmed Combat
  2668 | Lair:5   | Reached XP level 11. HP: 70/94 MP: 7/10
  2842 | Lair:5   | Noticed an eight-headed hydra
  2949 | Lair:6   | Noticed Snorg
  2965 | Lair:6   | Killed Snorg
  2965 | Lair:6   | Reached ***** piety under Okawaru
  3004 | Lair:8   | Entered Level 8 of the Lair of Beasts
  3004 | Lair:8   | Noticed a six-headed hydra
  3020 | Lair:7   | Found a labyrinth entrance.
  3020 | Lair:7   | Noticed an eight-headed hydra
  3020 | Lair:7   | HP: 3/94 [eight-headed hydra (13)]
  3020 | Lair:7   | Mangled by an eight-headed hydra

Action                   |  1- 3 |  4- 6 |  7- 9 | 10-12 || total
-------------------------+-------+-------+-------+-------++-------
Melee: Unarmed           |   120 |    63 |   217 |   175 ||   575
Throw: Tomahawk          |       |       |    14 |    23 ||    37
Invok: Heroism           |       |       |     7 |    15 ||    22
Evoke: Wand              |       |       |       |     5 ||     5
       Lamp of fire      |       |       |       |     1 ||     1
       Phial of floods   |       |       |       |     1 ||     1
  Use: Scroll            |       |       |    14 |     1 ||    15
       Potion            |       |       |     1 |     3 ||     4
 Stab: Sleeping          |     1 |     1 |     1 |       ||     3
  Eat: Chunk             |     9 |     1 |    15 |    10 ||    35

Table legend:
 A = Turns spent in this place as a percentage of turns spent in the entire game.
 B = Non-inter-level travel turns spent in this place as a percentage of non-inter-level travel turns spent in the entire game.
 C = Inter-level travel turns spent in this place as a percentage of turns spent in this place.
 D = Turns resting spent in this place as a percentage of non-inter-level travel turns spent in this place.
 E = Turns spent auto-exploring this place as a percentage of non-inter-level travel turns spent in this place.
 F = Non-inter-level travel turns spent in this place divided by the number of levels of this place that you've seen.
                   A       B       C       D       E      F
               +-------+-------+-------+-------+-------+----------------------
         Total | 100.0 | 100.0 |   0.0 |   0.1 |   0.0 | 136.0
       Dungeon |  74.5 |  74.5 |   0.0 |   0.1 |   0.0 | 163.5
          Lair |  25.5 |  25.5 |   0.0 |   0.0 |   0.0 |  91.1
               +-------+-------+-------+-------+-------+----------------------

Table legend:
 A = Kills in this place as a percentage of kills in entire the game.
 B = Kills by you in this place as a percentage of kills by you in the entire game.
 C = Kills by friends in this place as a percentage of kills by friends in the entire game.
 D = Other kills in this place as a percentage of other kills in the entire game.
 E = Experience gained in this place as a percentage of experience gained in the entire game.
 F = Experience gained in this place divided by the number of levels of this place that you have seen.
                   A       B       C       D       E      F
               +-------+-------+-------+-------+-------+----------------------
         Total | 100.0 | 100.0 |  -nan | 100.0 | 100.0 | 625.5
       Dungeon |  80.1 |  80.0 |  -nan | 100.0 |  56.5 | 571.0
          Lair |  19.9 |  20.0 |  -nan |   0.0 |  43.5 | 714.1
               +-------+-------+-------+-------+-------+----------------------
